 Dungeon Crawl Stone Soup version 0.19.0-19-g8c6edcc (webtiles) character file.

3053 AAAAA the Fighter (level 9, -21/66 HPs)
             Began as an Octopode Warper on Nov 13, 2016.
             Was a High Priest of Lugonu.
             Demolished by Timinator's ghost (32 damage)
             ... on level 8 of the Dungeon.
             The game lasted 00:24:17 (5838 turns).

AAAAA the Fighter (Octopode Warper)                 Turns: 5838, Time: 00:24:18

Health: -21/66     AC:  1    Str: 11    XL:     9   Next: 87%
Magic:  13/13      EV: 21    Int: 15    God:    Lugonu [*****.]
Gold:   335        SH:  0    Dex: 14    Spells: 2 memorised, 8 levels left

rFire  . . .     SeeInvis .     a - +0 long sword
rCold  . . .     Gourm    .     (no shield)
rNeg   . . .     Faith    .     (helmet restricted)
rPois  +         Spirit   .     t - amulet of regeneration
rElec  .         Reflect  .     o - ring of poison resistance
rCorr  .         Harm     .     s - ring of loudness (curse)
MR     .....                    u - +4 ring of evasion
Stlth  +.........               x - ring of flight
                                (no ring)
                                (no ring)
                                (no ring)
                                (no ring)

@: no status effects
A: almost no armour, stealthy swim, amphibious, 8 rings, constrict 8, camouflage
1, gelatinous body 1
a: Depart the Abyss, Bend Space, Banish, Corrupt, Enter the Abyss, Renounce
Religion, Evoke Flight


You were on level 8 of the Dungeon.
You worshipped Lugonu.
Lugonu was extremely pleased with you.
You were very hungry.

You visited 1 branch of the dungeon, and saw 8 of its levels.
You also visited: Sewer.

You collected 335 gold pieces.

Inventory:

Hand Weapons
 a - a +0 long sword (weapon)
 i - a +0 spear
 y - a +0 blowgun
 B - a +0 falchion
 M - a +0 dagger
Missiles
 d - 5 tomahawks of dispersal
 g - 221 stones (quivered)
 z - 34 poisoned needles
 E - 6 tomahawks
Jewellery
 o - a ring of poison resistance (left tentacle)
 s - a cursed ring of loudness (right tentacle)
 t - an amulet of regeneration (around mantle)
 u - a +4 ring of evasion (on tentacle)
 w - an uncursed amulet of rage {unknown}
 x - a ring of flight (on tentacle)
 K - a cursed amulet of the gourmand {unknown}
Wands
 F - a wand of flame (11/48)
 J - a wand of flame (23/48)
 L - a wand of disintegration (0/24)
 O - a wand of slowing (7/48)
Scrolls
 c - a scroll of blinking
 e - 3 scrolls of remove curse
 p - a scroll of recharging {unknown}
 v - a scroll of noise {unknown}
 A - 4 scrolls of enchant armour
 C - a scroll of enchant weapon {unknown}
 G - a scroll of fear {unknown}
Potions
 h - 3 potions of magic
 j - a potion of agility {unknown}
 l - 5 potions of curing
 m - 5 potions of flight {unknown}
 q - a potion of degeneration {unknown}
 r - a potion of experience {unknown}
 D - 2 potions of ambrosia {unknown}
 I - a potion of haste {unknown}
Books
 b - a book of Spatial Translocations

   Spells                             Type                      Level
   a - Blink                          Translocation                2
   b - Shroud of Golubria             Charms/Translocation         2
   c - Lesser Beckoning               Translocation                3
   d - Portal Projectile              Translocation                3
   e - Teleport Other                 Translocation                3
   f - Passage of Golubria            Translocation                4
Comestibles
 f - 6 bread rations
 k - 2 meat rations
 H - a slice of pizza
 N - a beef jerky


   Skills:
 - Level 8.0 Fighting
 + Level 7.2 Long Blades
 - Level 1.0 Throwing
 + Level 7.1 Dodging
 - Level 2.0 Spellcasting
 - Level 3.0 Translocations
 + Level 5.4 Invocations


You had 8 spell levels left.
You knew the following spells:

 Your Spells              Type           Power        Failure   Level  Hunger
a - Shroud of Golubria    Chrm/Tloc      #.........   17%         2    ###....
b - Blink                 Tloc           N/A          12%         2    ###....


Dungeon Overview and Level Annotations

Branches:
Dungeon (8/15)
 Temple: D:4-7         Lair: D:8-11

Altars:
Fedhas
Okawaru
Ru
Trog
Uskayaw
Lugonu

Shops:
D:4 :   D:8 [

Annotations:
D:7 Joseph
D:8 Timinator's ghost, novice TrTm


Innate Abilities, Weirdness & Mutations

You cannot wear most types of armour.
You are very stealthy in the water. (Stealth+)
You are amphibious.
You can wear up to eight rings at the same time.
You can use your tentacles to constrict eight enemies at once.
Your skin changes colour to match your surroundings (Stealth+).
Your rubbery body absorbs attacks. (AC +1, EV +1)


Message History

Joseph shoots a sling bullet.
The sling bullet barely misses you. The steam dragon breathes steam at you.
The ball of steam hits you!
Joseph shoots a sling bullet.
The sling bullet closely misses you.
There is a stone staircase leading down here.
You hit the steam dragon but do no damage.
You are engulfed in a cloud of scalding steam.
The steam dragon completely misses you. The steam dragon closely misses you.
An ogre comes into view. It is wielding a giant club.
Unknown command.
Unknown command.
You are engulfed in a cloud of scalding steam.
Joseph shoots a sling bullet.
The sling bullet closely misses you. The steam dragon breathes steam at you.
The ball of steam hits you!
* * * LOW HITPOINT WARNING * * *
You climb downwards.
Level annotation: Timinator's ghost, novice TrTm Timinator's ghost hits you!!
You die...

#
......#.####.######......
# #####..#......# #######
# #######.....##### # #
#.W...#.....# #
#.#.###.#.....# #
#.#.###.#.##>.# #
#.....#.......###
######.#W###.#...D.#
..)....#.# #...W@#.#
########.#########.#
#..........W......#
#.#####.###########
#.#####.# #.......#
#########


You could see a steam dragon and Timinator's ghost.

Vanquished Creatures
  A deep elf mage (D:8)
  Maurice (D:8)
  Grinder (D:4)
  A two-headed ogre (D:8)
  A hungry ghost (D:8)
  A necrophage (D:8)
  The ghost of blejac99 the Charmwright, an amateur HESk (D:3)
  3 big kobolds
  A bullfrog (D:6)
  A scorpion (D:5)
  6 killer bees (D:8)
  2 howler monkeys
  6 crimson imps
  2 hounds
  An orc priest (D:4)
  A bullfrog skeleton (D:8)
  6 orc wizards
  2 iguanas
  3 worker ants
  The ghost of AAAAA the Grasshopper, a weakling OpWr (D:4)
  A worker ant zombie (D:6)
  2 river rats (D:5)
  10 adders
  A shadow imp (D:8)
  An ooze (D:2)
  2 worms
  6 dart slugs
  3 leopard geckos
  20 orcs
  5 giant cockroaches
  5 goblins
  7 hobgoblins
  12 jackals
  5 quokkas
  A ball python (D:5)
  11 bats
  5 frilled lizards
  28 kobolds
  10 rats
  3 plants (D:6)
180 creatures vanquished.

Notes
Turn   | Place    | Note
-------+----------+-------------------------------------------
     0 | D:1      | AAAAA the Octopode Warper began the quest for the Orb.
     0 | D:1      | Reached XP level 1. HP: 14/14 MP: 3/3
   254 | D:1      | Reached XP level 2. HP: 16/20 MP: 5/5
   258 | D:1      | Learned a level 2 spell: Shroud of Golubria
   261 | D:1      | Learned a level 2 spell: Blink
   297 | D:1      | Reached skill level 3 in Fighting
   701 | D:2      | Reached XP level 3. HP: 25/26 MP: 6/6
   777 | D:2      | Found a faded altar of an unknown god.
   783 | D:2      | Reached skill level 4 in Fighting
  1089 | D:2      | Became a worshipper of Lugonu the Unformed
  1089 | D:2      | Reached * piety under Lugonu
  1089 | D:2      | Reached ** piety under Lugonu
  1455 | D:1      | Reached XP level 4. HP: 33/33 MP: 7/7
  2496 | D:3      | Noticed blejac99's ghost (amateur HESk)
  2578 | D:3      | Killed blejac99's ghost
  2578 | D:3      | Reached skill level 5 in Fighting
  2578 | D:3      | Reached XP level 5. HP: 24/40 MP: 3/8
  2738 | D:3      | Reached skill level 6 in Fighting
  2738 | D:3      | Reached XP level 6. HP: 46/46 MP: 3/9
  2921 | D:3      | Found a sacrificial altar of Ru.
  2980 | D:3      | Found an iron altar of Okawaru.
  3306 | D:4      | Noticed Grinder
  3307 | D:4      | Found a bloodstained altar of Trog.
  3313 | D:4      | Paralysed by Grinder for 7 turns
  3324 | D:4      | Killed Grinder
  3324 | D:4      | Reached *** piety under Lugonu
  3324 | D:4      | Reached skill level 7 in Fighting
  3324 | D:4      | Reached XP level 7. HP: 39/54 MP: 8/10
  3520 | D:4      | Noticed AAAAA's ghost (weakling OpWr)
  3523 | D:4      | Killed AAAAA's ghost
  3530 | D:4      | Found Toffoavo's Book Shoppe.
  3539 | D:4      | Reached skill level 8 in Fighting
  3965 | D:5      | Entered Level 5 of the Dungeon
  4058 | D:5      | Found a glowing drain.
  4084 | Sewer    | Entered a sewer
  4091 | Sewer    | Reached **** piety under Lugonu
  4186 | Sewer    | Reached XP level 8. HP: 53/61 MP: 11/11
  4222 | Sewer    | Found a white marble altar of Elyvilon.
  4330 | D:5      | Found a hide-covered altar of Uskayaw.
  4910 | D:6      | Reached skill level 5 in Dodging
  4922 | D:6      | Reached skill level 5 in Long Blades
  5186 | D:7      | Noticed Joseph
  5195 | D:8      | Reached skill level 1 in Invocations
  5197 | D:8      | Noticed Maurice
  5208 | D:8      | Noticed a two-headed ogre
  5275 | D:8      | Found Uqeogupt's Armour Boutique.
  5290 | D:8      | Found a blossoming altar of Fedhas.
  5290 | D:8      | Noticed a deep elf mage
  5298 | D:8      | Killed a deep elf mage
  5298 | D:8      | Reached ***** piety under Lugonu
  5298 | D:8      | Reached XP level 9. HP: 21/66 MP: 12/12
  5303 | D:8      | Killed a two-headed ogre
  5732 | D:8      | Killed Maurice
  5732 | D:8      | Reached skill level 5 in Invocations
  5755 | D:8      | Noticed Timinator's ghost (novice TrTm)
  5838 | D:8      | Demolished by Timinator's ghost

Skill      XL: |  1  2  3  4  5  6  7  8  9 |
---------------+----------------------------+-----
Fighting       | 3 4 5 6 7 8 |  8.0
Dodging        | 3 6 7 |  7.1
Long Blades    | 3 6 7 |  7.2
Invocations    | 3 5 |  5.4
Throwing       | |  1.0
Spellcasting   | |  2.0
Translocations | |  3.0

Action                   |  1- 3 |  4- 6 |  7- 9 || total
-------------------------+-------+-------+-------++-------
Melee: Falchion          |    55 |    97 |       ||   152
       Constrict         |    13 |    30 |    84 ||   127
       Tentacles         |     6 |    22 |    85 ||   113
       Long sword        |       |     5 |   319 ||   324
Throw: Stone             |     1 |       |       ||     1
 Cast: Shroud of Golubri |       |     6 |       ||     6
       Blink             |       |     1 |     4 ||     5
Evoke: Wand              |       |       |    13 ||    13
  Use: Scroll            |       |     2 |     4 ||     6
       Potion            |       |       |     1 ||     1
 Stab: Sleeping          |     5 |     2 |     1 ||     8
       Distracted        |       |       |     1 ||     1
  Eat: Chunk             |     2 |     6 |    11 ||    19
Armor: Skin              |     1 |     8 |     6 ||    15
Dodge: Dodged            |    34 |    91 |   246 ||   371
       Rpst.: Falchion   |    13 |    36 |       ||    49
       Long sword        |       |     1 |    59 ||    60
